 Dungeon Crawl Stone Soup version 0.31-a0-486-g8d68a81214 (webtiles) character file.

Game seed: 1718402847950746155

11860 Zonian the Grappler (level 11, -1/88 HPs)
             Began as an Octopode Shapeshifter on Aug 7, 2023.
             Was a Priest of Nemelex Xobeh.
             Slain by a vampire (12 damage)
             ... on level 10 of the Dungeon.
             The game lasted 00:25:20 (18179 turns).

Zonian the Grappler (Octopode Shapeshifter)        Turns: 18179, Time: 00:25:21

Health: -1/88      AC:  1    Str: 16 (19) XL:     11   Next: 84%
Magic:  11/11      EV: 18    Int: 10 (11) God:    Nemelex Xobeh [***...]
Gold:   328        SH:  5    Dex: 16 (18) Spells: 10/10 levels left

rFire   x .          .
                       - Unarmed
rCold   + . .        (no shield)
rNeg    . . .        (helmet currently unavailable)
rPois   .            f - amulet of reflection
rElec   .            h - +6 ring of dexterity
rCorr   .            j - ring of ice
SInv    .            (no ring)
Will    .....        (no ring)
Stlth   ++           (no ring)
HPRegen 0.34/turn    (no ring)
MPRegen 0.12/turn    (no ring)
                     (no ring)

%: reflection
@: about to teleport, beast-form
A: beast (slay +5), almost no armour, amphibious, 8 rings, camouflage 1,
gelatinous body 1, (nimble swimmer 1), tentacles, deterioration 1, mutation
resistance 1, robust 1
a: Begin Untransformation, Renounce Religion, Draw Escape, Draw Destruction,
Draw Summoning, Triple Draw


You were on level 10 of the Dungeon.
You worshipped Nemelex Xobeh.
Nemelex Xobeh was most pleased with you.
You were a hulking beast.
You visited 3 branches of the dungeon, and saw 13 of its levels.

You collected 625 gold pieces.
You spent 297 gold pieces at shops.

Inventory:

Missiles
 e - a throwing net
Jewellery
 f - an amulet of reflection (around mantle)
 h - a +6 ring of dexterity (left tentacle)
 j - a ring of ice (right tentacle)
Talismans
 b - a beast talisman (active)
 m - a blade talisman
Wands
 i - a wand of flame (23)
 k - a wand of mindburst (7)
 n - a wand of polymorph (3)
 u - a wand of paralysis (6)
 v - a wand of acid (5)
Scrolls
 g - 2 scrolls of silence
 s - 2 scrolls of identify
 t - 2 scrolls of revelation
 A - a scroll of fog
 B - a scroll of fear
Potions
 a - a potion of lignification
 c - 2 potions of might
 d - 4 potions of curing
 l - 2 potions of enlightenment
 o - 3 potions of invisibility
 p - a potion of berserk rage
 q - a potion of haste
 r - a potion of resistance
 w - 2 potions of mutation


   Skills:
 + Level 9.4 Fighting
 + Level 9.6 Dodging
 + Level 9.9 Unarmed Combat
 + Level 8.4 Shapeshifting


You had 10 spell levels left.
You didn't know any spells.
Your spell library contained the following spells:

 Spells                   Type           Power      Damage    Failure   Level
 Summon Small Mammal      Summ           0%         N/A       36%         1
 Cigotuvi's Dreadful Rot  Necr/Pois/Air  0%         N/A       50%         2
 Ensorcelled Hibernation  Hex/Ice        0%         N/A       50%         2
 Passwall                 Tmut/Erth      0%         N/A       50%         2
 Call Canine Familiar     Summ           0%         N/A       75%         3
 Ozocubu's Armour         Ice            0%         N/A       75%         3
 Portal Projectile        Hex/Tloc       0%         N/A       75%         3
 Summon Guardian Golem    Hex/Summ       0%         N/A       75%         3
 Swiftness                Air            0%         N/A       75%         3
 Anguish                  Hex/Necr       0%         N/A       98%         4
 Dispel Undead            Necr           0%         3d6       98%         4
 Leda's Liquefaction      Hex/Erth       0%         N/A       98%         4
 Lee's Rapid Deconstruct  Erth           0%         3d4*      100%        5
 Death Channel            Necr           0%         N/A       100%        6
 Leda's Unmaking          Conj/Erth      0%         9d1       100%        6
 Ozocubu's Refrigeration  Ice            0%         4d7       100%        7


Dungeon Overview and Level Annotations

Branches:
Dungeon (10/15)            Temple (1/1) D:5            Lair (2/5) D:8
    Orc (0/2) D:9
  Swamp: Lair:2-3    Shoals: Lair:2-3     Snake: Lair:2-3    Spider: Lair:2-3

Altars:
Ashenzari
Cheibriados
Dithmenos
Elyvilon
Fedhas
Gozag
Hepliaklqana
Kikubaaqudgha
Makhleb
Nemelex Xobeh
Okawaru
Qazlal
Ru
Sif Muna
Trog
Uskayaw
Vehumet
Wu Jian
Xom
Yredelemnul
Zin
The Shining One

Shops:
D:3 *   D:4 *   D:6 ?

Portals:
Abyss: D:10

Annotations:
D:5 3 runed translucent doors, jejorda2's ghost, amateur GnBe
D:7 3 runed translucent doors, garrulousMonolith's ghost, novice GrEE
D:9 2 transporters
D:10 2 transporters, Heh's ghost, novice OpSh


Innate Abilities, Weirdness & Mutations

You are a hulking beast.
Your limbs bulge with bestial killing power. (Slay +5)
You cannot wear most types of armour.
You are amphibious.
You can wear up to eight rings at the same time.
Your skin changes colour to match your surroundings (Stealth+).
Your rubbery body absorbs attacks. (AC +1, EV +1)
((You are camouflaged when in or above water. (Stealth+)))
You have tentacles for arms and can constrict up to eight enemies at once.
Your body sometimes deteriorates upon taking damage.
You are somewhat resistant to further mutation.
You are robust. (+10% HP)


Message History

You barely miss something. Your squeeze misses something.
You feel much better. Something hits you!
Your body deteriorates!
You feel clumsy. Something closely misses you.
You draw a card...
You have drawn the Elixir.
You begin rapidly regenerating health and magic.
Something hits you! Something bites you but does no damage.
You tentacle-slap something but do no damage.
You tentacle-slap something! Something hits you. Something bites you.
Something draws strength from your injuries!
You tentacle-slap something. Something hits you. Something bites you!
Your body deteriorates!
You feel dopey.
Something draws strength from your injuries!
You tentacle-slap something but do no damage.
Something hits you. Something bites you!
* * * LOW HITPOINT WARNING * * *
Your body deteriorates!
You feel clumsy.
Something draws strength from your injuries!
You closely miss something. You tentacle-slap something! You squeeze something.
Something hits you but does no damage. Something barely misses you.
You miss something. Your squeeze misses something. You closely miss something.
You tentacle-slap something. Something hits you!
* * * LOW HITPOINT WARNING * * *
Something barely misses you.
You miss something. You squeeze something. Something hits you.
* * * LOW HITPOINT WARNING * * *
Something bites you.
* * * LOW HITPOINT WARNING * * *
Something draws strength from your injuries!
As you read the scroll of teleportation, it crumbles to dust.
You feel strangely unstable. Something hits you.
* * * LOW HITPOINT WARNING * * *
Something bites you.
* * * LOW HITPOINT WARNING * * *
Something draws strength from your injuries!
Okay, then.
Okay, then.
You feel better. Something hits you!
You die...
Your body glows with a rainbow of weird colours and disappears.

#'# #.# #.### ###
##... ..# ##...##
#.# # #.....# #.#
####...#####.# #
..........##.#####.#
#####.###.......h{.#
......######.#######
.............#
......########
.###..# ##########
####..# #........#
#..# #.######.#
##..# #.# #.#
#...#####.######.#


There were no monsters in sight!

Vanquished Creatures
  3 black mambas
  5 cane toads
  A rime drake (Lair:2)
  A komodo dragon (Lair:2)
  A troll (D:10)
  Grinder (D:3)
  2 polar bears (Lair:2)
  Prince Ribbit (D:7)
  A shadow (D:9)
  2 wyverns
  2 humans (D:9)
  5 yaks
  2 basilisks (Lair:1)
  4 steam dragons
  6 water moccasins
  An orc warrior (D:9)
  A black bear (D:4)
  2 ogres
  3 ice beasts
  10 wolves
  A tengu (Lair:2)
  4 centaurs
  3 phantoms
  8 bullfrogs
  A gnoll sergeant (D:9)
  A scorpion (D:5)
  8 wights (D:9)
  16 killer bees
  5 howler monkeys
  5 hounds
  4 jellies
  3 orc priests
  2 gnoll boudas
  4 iguanas
  7 orc wizards
  7 adders
  20 gnolls
  A shadow imp (D:6)
  3 white imps
  2 ufetubi
  3 dart slugs
  29 orcs
  5 ball pythons
  5 endoplasms
  2 giant cockroaches
  7 goblins
  7 hobgoblins
  2 jackals (D:1)
  11 kobolds
  A quokka (D:3)
  A bat (D:1)
  2 frilled lizards
  5 rats
239 creatures vanquished.

Vanquished Creatures (collateral kills)
  2 killer bees (Lair:1)
2 creatures vanquished.

Grand Total: 241 creatures vanquished

Notes
Turn   | Place    | Note
-------+----------+-------------------------------------------
     0 | D:1      | Zonian the Octopode Shapeshifter began the quest for the
                  | Orb.
     0 | D:1      | Reached XP level 1. HP: 13/13 MP: 1/1
   134 | D:1      | Reached XP level 2. HP: 18/18 MP: 2/2
   641 | D:2      | Found a sacrificial altar of Ru.
   737 | D:2      | Reached XP level 3. HP: 21/23 MP: 3/3
  1654 | D:3      | Reached XP level 4. HP: 15/29 MP: 4/4
  1945 | D:3      | HP: 1/29 [gnoll/+0 spear (6)]
  2015 | D:3      | Reached XP level 5. HP: 29/34 MP: 5/5
  2094 | D:3      | Noticed Grinder
  2098 | D:3      | Paralysed by Grinder for 4 turns
  2103 | D:3      | Killed Grinder
  2104 | D:3      | Reached XP level 6. HP: 42/42 MP: 6/6
  2383 | D:3      | Found Rympeor's Assorted Antiques.
  2392 | D:3      | Bought a scroll labelled ETEANKUTAR for 27 gold pieces
  2392 | D:3      | Bought a bubbling white potion for 24 gold pieces
  2392 | D:3      | Bought a fuming white potion for 24 gold pieces
  3122 | D:4      | Found Kuxkac's Lightly-Used Armoury.
  3158 | D:4      | Noticed a black bear
  3639 | D:4      | Killed a black bear
  3640 | D:4      | Reached XP level 7. HP: 22/46 MP: 7/7
  3886 | D:5      | Entered Level 5 of the Dungeon
  4151 | D:5      | Reached skill level 5 in Unarmed Combat
  4393 | D:5      | Reached XP level 8. HP: 52/54 MP: 8/8
  4498 | D:5      | Found a runed translucent gate.
  4498 | D:5      | Found a runed translucent gate.
  4498 | D:5      | Found a runed translucent gate.
  4503 | D:5      | Noticed jejorda2's ghost (amateur GnBe)
  4588 | D:5      | Reached skill level 5 in Dodging
  4921 | D:5      | Reached skill level 5 in Shapeshifting
  5069 | D:5      | Found a staircase to the Ecumenical Temple.
  5165 | Temple   | Entered the Ecumenical Temple
  5289 | Temple   | Became a worshipper of Nemelex Xobeh the Trickster
  5760 | D:6      | Found a basalt altar of Yredelemnul.
  5803 | D:6      | Reached skill level 5 in Fighting
  6231 | D:6      | Found Laikiari's Magic Scroll Shop.
  6239 | D:6      | Bought a scroll of blinking for 90 gold pieces
  6239 | D:6      | Bought a scroll of teleportation for 36 gold pieces
  6381 | D:6      | Reached * piety under Nemelex Xobeh
  7011 | D:6      | Reached XP level 9. HP: 51/61 MP: 9/9
  7204 | D:7      | Noticed Prince Ribbit
  7275 | D:7      | Killed Prince Ribbit
  7964 | D:7      | Found a runed translucent gate.
  7964 | D:7      | Found a runed translucent gate.
  7964 | D:7      | Found a runed translucent gate.
  7971 | D:7      | Noticed garrulousMonolith's ghost (novice GrEE)
  8604 | D:7      | Received a gift from Nemelex Xobeh
  8752 | D:8      | Reached ** piety under Nemelex Xobeh
  8854 | D:8      | Found a stormy altar of Qazlal.
  8897 | D:8      | HP: 3/63 [steam dragon] (17)]
  9639 | D:8      | Found a sacrificial altar of Ru.
  9645 | D:8      | Found a shimmering blue altar of Sif Muna.
  9648 | D:8      | Found a staircase to the Lair.
  9781 | D:8      | Found a white marble altar of Elyvilon.
  9792 | Lair:1   | Entered Level 1 of the Lair of Beasts
  9799 | Lair:1   | Noticed a black mamba
  9804 | Lair:1   | Noticed a cane toad
  9805 | Lair:1   | Reached XP level 10. HP: 48/69 MP: 10/10
  9814 | Lair:1   | Killed a black mamba
  9816 | Lair:1   | Killed a cane toad
 10687 | Lair:1   | Noticed a cane toad
 10716 | Lair:1   | Killed a cane toad
 11035 | Lair:1   | Received a gift from Nemelex Xobeh
 11104 | Lair:1   | Noticed a black mamba
 11105 | Lair:1   | Noticed a catoblepas
 11583 | Lair:1   | Noticed a cane toad
 11598 | Lair:1   | Killed a cane toad
 11751 | Lair:1   | Noticed a cane toad
 11952 | Lair:1   | Killed a cane toad
 12179 | Lair:1   | Killed a black mamba
 12412 | Lair:1   | Reached XP level 11. HP: 33/77 MP: 11/11
 12968 | Lair:2   | Received a gift from Nemelex Xobeh
 13076 | Lair:2   | Noticed Sonja
 13086 | Lair:2   | Sonja changed into Sonja the tengu
 13086 | Lair:2   | Noticed Sonja
 13090 | Lair:2   | Killed Sonja the tengu
 14192 | Lair:2   | Reached *** piety under Nemelex Xobeh
 14251 | Lair:2   | HP: 3/78 [yak (17)]
 15433 | Lair:1   | Gained mutation: Your body sometimes deteriorates upon
                  | taking damage. [potion of mutation]
 15433 | Lair:1   | Gained mutation: You are somewhat resistant to further
                  | mutation. [potion of mutation]
 15433 | Lair:1   | Gained mutation: You are robust. (+10% HP) [potion of
                  | mutation]
 15616 | D:9      | Found an iron altar of Okawaru.
 15702 | D:9      | Received a gift from Nemelex Xobeh
 16101 | D:9      | Found a staircase to the Orcish Mines.
 16453 | D:9      | Identified the +3 falchion of Dissatisfaction {spect, rF-
                  | rN+++ Str-4 Stlth+}
 17256 | D:9      | Found a transporter.
 17258 | D:9      | Found a transporter.
 17259 | D:9      | Noticed a boulder beetle
 17370 | D:6      | Bought a scroll of fog for 48 gold pieces
 17370 | D:6      | Bought a scroll of fear for 48 gold pieces
 17462 | D:10     | Entered Level 10 of the Dungeon
 17661 | D:10     | Found a transporter.
 17662 | D:10     | Found a one-way gate to the infinite horrors of the Abyss.
 17662 | D:10     | Noticed Heh's ghost (novice OpSh)
 17662 | D:10     | Noticed a white ugly thing
 18105 | D:10     | Noticed a thrashing horror
 18123 | D:10     | Found a transporter.
 18124 | D:10     | Noticed a white very ugly thing
 18178 | D:10     | HP: 1/88 [something (6)]
 18179 | D:10     | Slain by a vampire

Illustrated notes

Levels and vault maps discovered:
D:1:      scummos_arrival_hexagon, layout_loops_ring
D:2:      layout_basic, basic_altar, minmay_pentomino_z4
D:3:      corexii_shack_village, layout_rooms, serial_shops, shop, uniq_grinder
D:4:      layout_basic, minmay_shop_damaged
D:5:      layout_loops_corners, minmay_temple_entry_proselytizer,
          gammafunk_ghost_necromancy, kennysheep_generic_room_14
D:6:      layout_gridville, old_standard_altar, serial_shops, shop
D:7:      layout_basic, ebering_ghost_rock_garden, uniq_prince_ribbit1
D:8:      layout_cave_pools, mainiacjoe_overflow_chevrons,
          nicolae_overflow_hidden_temple, lair_entry_dummy
D:9:      gammafunk_boulding_lane, layout_basic, okawaru_humans,
          minmay_orc_entry_temple_small
D:10:     layout_loops_corners, gammafunk_ghost_abyssal_escape, minivault_26
Temple:   minmay_temple_bridge_d
Lair:1:   layout_loops_ring
Lair:2:   layout_roguey, special_room [special_room_bee], uniq_sonja

Skill      XL: |  1  2  3  4  5  6  7  8  9 10 11 |
---------------+----------------------------------+-----
Fighting       | 2 3 4 5 6 8 9 |  9.4
Dodging        | 3 4 5 7 8 9 |  9.6
Unarmed Combat | 4 5 6 7 8 9 |  9.9
Shapeshifting  | 4 5 6 7 8 |  8.4

Action                     |  1- 3 |  4- 6 |  7- 9 | 10-12 || total
---------------------------+-------+-------+-------+-------++-------
  Melee: Unarmed           |    53 |    78 |   201 |   270 ||   602
         Constrict         |    15 |    25 |    33 |    65 ||   138
         Tentacles         |    10 |    22 |    44 |    73 ||   149
         Punch             |     5 |     8 |    13 |    19 ||    45
 Invoke: Draw Destruction  |       |       |     1 |     7 ||     8
         Draw Escape       |       |       |     1 |     2 ||     3
         Draw Summoning    |       |       |       |     1 ||     1
    Use: Scroll            |     3 |     4 |    10 |    12 ||    29
         Potion            |       |     1 |     4 |     6 ||    11
   Stab: Sleeping          |     7 |     3 |     7 |     5 ||    22
         Distracted        |       |       |       |     2 ||     2
 Armour: Skin              |     7 |    13 |     7 |    12 ||    39
  Dodge: Dodged            |    22 |    51 |   158 |   232 ||   463
  Block: Other             |       |       |    14 |    63 ||    77
         Reflection        |       |       |       |     2 ||     2

Table legend: (Time is in decaauts)
 A = Elapsed time spent in this place.
 B = Non-inter-level travel time spent in this place.
 C = Inter-level travel time spent in this place.
 D = Time resting spent in this place.
 E = Time spent auto-exploring this place.
 F = Levels seen in this place.
 G = Mean time per level.
                   A        B        C        D        E       F      G
               +--------+--------+--------+--------+--------+-----+--------+
         Total |  18105 |  17309 |    796 |   8669 |   6283 |  13 | 1392.7 |
       Dungeon |  12234 |  11710 |    524 |   4540 |   5538 |  10 | 1223.4 |
        Temple |    195 |     58 |    137 |      0 |     19 |   1 |  195.0 |
          Lair |   5675 |   5541 |    134 |   4129 |    726 |   2 | 2837.5 |
               +--------+--------+--------+--------+--------+-----+--------+

Top non-repeatable levels by time:
  Lair:1: 4335 daAuts
     D:6: 1900 daAuts
     D:9: 1718 daAuts
     D:5: 1598 daAuts
  Lair:2: 1339 daAuts
     D:3: 1325 daAuts
     D:7: 1227 daAuts
     D:8: 1203 daAuts
     D:2: 1006 daAuts
     D:4: 943 daAuts
    D:10: 710 daAuts
     D:1: 601 daAuts
  Temple: 195 daAuts
